Semilg, lawful female dwarven Valkyrie --...-- |.....- --- --....S--.---.--- G....@....|....--- -................| ---.......^......| |..............-- |.............-- --......|.|....-- --...--|>|-....| -------.||...-- |...|--..| ----.--- ---- |....| |..--- ---- Semilg the Skirmisher Experience level: 3 Strength: 13 Dexterity: 17 Constitution: 16 Intelligence: 11 Wisdom: 7 Charisma: 9 Health: 0(42) Energy: 1(1) Def: 4 Gold: 188 Moves: 1772 Dungeon seed: yl_52Uu4agaGnWQn Game ID: Semilg_1570199037 Your Inventory: Coins $ - 188 gold pieces Weapons a - an uncursed corroded +1 long sword (weapon in hand) b - an uncursed +0 dagger m - 3 uncursed +0 orcish daggers n - a cursed -1 mace w - an uncursed +0 javelin Armor e - an uncursed +3 small shield (being worn) q - an uncursed +0 orcish helm r - a cursed +0 orcish helm y - a blessed +0 orcish helm z - an uncursed +0 orcish helm Comestibles c - an uncursed food ration o - 2 uncursed food rations Scrolls g - an uncursed scroll of magic mapping x - a blessed scroll of gold detection Potions f - a blessed potion of gain ability l - a blessed potion of booze Wands h - an uncursed wand of slow monster (0:6) Tools d - an uncursed oil lamp (0:1144) j - an uncursed lock pick v - an uncursed pair of lenses A - an uncursed leash C - an uncursed credit card D - an uncursed lock pick Gems B - an uncursed worthless piece of yellow glass N - an uncursed worthless piece of orange glass Y - 2 uncursed worthless pieces of yellowish brown glass Spells and supernatural/magical abilities: Name Level Category Cost Memory W - pray for help -- divine ? -- Your skills at the end: Fighting Skills wands [Basic] Weapon Skills dagger [Basic] long sword [Basic] Spellcasting Skills Final Attributes: You were piously aligned. You were immune to cold. You had infravision. You were stealthy. Tyr was noncommittal. You are dead. Vanquished creatures: a kobold lord 2 coyotes a cave spider a brown mold a green mold a jackal 5 goblins 7 grid bugs a lichen a kobold zombie 2 newts 23 creatures vanquished. Voluntary challenges: You were an atheist. You used a wielded weapon 26 times, starting on turn 78. You were illiterate. You never genocided any monsters. You never polymorphed an object. You never changed form. You used no wishes. You never split a pudding. You never wrote Elbereth's name. You never violated your personal moral code. Dungeon overview: The Dungeons of Doom: levels 1 to 4 Level 1 a fountain a long staircase Level 2 a general store, a sink Level 3 a fountain stairs to The Gnomish Mines Level 4 a fountain The Gnomish Mines: levels 4 to 9 Level 4 stairs to The Dungeons of Doom Level 5 Level 8 <- You were here Level 9 History has recorded: On T:1 you entered the Dungeons of Doom to retrieve the Amulet of Yendor! On T:215 you reached level 2 of The Dungeons of Doom. On T:416 you reached level 3 of The Dungeons of Doom. On T:520 you advanced to experience level 2. On T:752 you reached level 1 of The Gnomish Mines. On T:776 you reached level 4 of The Dungeons of Doom. On T:1082 you advanced to experience level 3. On T:1533 you reached level 2 of The Gnomish Mines. On T:1648 you reached level 5 of The Gnomish Mines. On T:1705 you reached level 6 of The Gnomish Mines. Score breakdown: Gold: 188 ( 7743 points) Experience: 3 levels ( 7878 points) Exploration: 9 levels ( 16.98%) (11766 points) Discoveries: 0 items ( 0.00%) ( 0 points) Valuables value: (no points given unless you survive) Artifact value: 0 ( 0 points) Variety of kills: 11 monsters ( 2.89%) ( 5104 points) Turncount: 1772 turns ( 0 points) Survival: died (score multiplied by 80%) Total score: 25992 Latest messages: You hear a chugging sound. The vampire bat bites! (2x) You see here a lock pick. (2x) D - a lock pick. One of your legs feels somewhat better. Your leg feels somewhat better. You stop exploring. A snake was hidden under a statue of a brown pudding! The snake bites! You miss the snake. The snake bites! You miss the snake. The snake bites! You miss the snake. The snake bites! (2x) You miss the snake. The snake bites! The snake's bite was poisoned! You hit the snake! The snake bites! The snake's bite was poisoned! You die... Final status: Farvel Semilg the Valkyrie, poisoned by a snake... You died in The Gnomish Mines on dungeon level 8 with 25992 points, and 188 pieces of gold, after 1772 moves. You were level 3 with a maximum of 42 hit points when you died.